 Dungeon Crawl Stone Soup version 0.28.0-43-g3370ac3207 (webtiles) character file.

Game seed: 2176732060678780452

871 Morg0th the Grappler (level 7, -4/102 HPs)
             Began as a Troll Berserker on Mar 14, 2022.
             Was a Priest of Trog.
             Succumbed to a gnoll sergeant's poison
             ... on level 5 of the Dungeon.
             The game lasted 00:14:13 (3695 turns).

Morg0th the Grappler (Troll Berserker)              Turns: 3695, Time: 00:14:13

Health: -4/102     AC:  5    Str: 26    XL:     7   Next: 73%
Magic:  6/6        EV: 10    Int:  5    God:    Trog [***...]
Gold:   179        SH:  0    Dex:  9    Spells: 6/6 levels left

rFire   . . .      SeeInvis +     - Unarmed
rCold   . . .      Faith    .   (no shield)
rNeg    . . .      Spirit   .   a - +1 animal skin
rPois   .          Reflect  .   (helmet restricted)
rElec   .          Harm     .   (no cloak)
rCorr   .          Rampage  .   (gloves unavailable)
Will    +++..                   (boots unavailable)
Stlth   ..........              (no amulet)
HPRegen 2.07/turn               h - ring of willpower
MPRegen 0.10/turn               j - ring of see invisible

@: berserking, lethally poisoned (-4 -> -38), strong-willed, regenerating, very
quick
A: large, unfitting armour, claws 3, regeneration 1, shaggy fur 1, tough skin 1
a: Renounce Religion, Berserk, Trog's Hand


You were on level 5 of the Dungeon.
You worshipped Trog.
Trog was most pleased with you.
You visited 2 branches of the dungeon, and saw 7 of its levels.

You collected 179 gold pieces.

Inventory:

Hand Weapons
 e - a +2 vorpal mace
 g - a +0 hunting sling
Missiles
 b - 47 sling bullets
 c - 10 poisoned darts (quivered)
Armour
 a - a +1 animal skin (worn)
Jewellery
 h - a ring of willpower (left claw)
 j - a ring of see invisible (right claw)
Scrolls
 f - a scroll of blinking
 k - 2 scrolls of identify
 l - 4 scrolls of enchant armour
 n - a scroll of enchant weapon {unknown}
Potions
 d - 3 potions of haste
 i - 3 potions of curing
 m - a potion of attraction {unknown}


   Skills:
 + Level 3.9 Fighting
 - Level 3.3 Dodging
 - Level 0.1 Stealth
 + Level 8.0 Unarmed Combat


You had 6 spell levels left.
You didn't know any spells.
Your spell library was empty.

Dungeon Overview and Level Annotations

Branches:
Dungeon (6/15)             Temple (1/1) D:4

Altars:
Ashenzari
Cheibriados
Dithmenos
Elyvilon
Fedhas
Gozag
Hepliaklqana
Kikubaaqudgha
Makhleb
Nemelex Xobeh
Okawaru
Qazlal
Ru
Sif Muna
Trog
Uskayaw
Vehumet
Wu Jian
Xom
Yredelemnul
Zin
The Shining One


Innate Abilities, Weirdness & Mutations

You are too large for most types of armour.
You have claws for hands.
Your natural rate of healing is unusually fast.
You are covered in fur. (AC +1)
You have tough skin. (AC +1)


Message History

You scratch the scorpion.
The scorpion is severely wounded.
You feel very sick.
The gnoll sergeant completely misses you.
The scorpion barely misses you.
You scratch the scorpion but do no damage.
You claw the scorpion, but do no damage.
The scorpion is severely wounded.
You feel sick.
The gnoll sergeant hits you from afar with a +4 trident of venom!
You are more poisoned.
The scorpion stings you but does no damage.
You claw the scorpion!
You kill the scorpion!
Trog accepts your kill.
You feel very sick.
The gnoll sergeant hits you from afar with a +4 trident of venom!
You are more poisoned.
Your Unarmed Combat skill increases to level 8!
A red film seems to cover your vision as you go berserk!
You feel yourself moving faster!
You feel mighty!
You feel extremely sick. The gnoll hits you with a +0 flail.
The gnoll sergeant hits you from afar with a +4 trident of venom!
* * * LOW HITPOINT WARNING * * *
You are lethally poisoned!
You are too berserk!
You claw the gnoll!
You kill the gnoll!
Trog accepts your kill.
* * * LOW HITPOINT WARNING * * *
You feel extremely sick.
The gnoll sergeant hits you from afar with a +4 trident of venom!
* * * LOW HITPOINT WARNING * * *
You are more poisoned.
You are too berserk!
You are too berserk!
You are too berserk!
You completely miss the gnoll.
You die...

. .## ..# +# #.# ...
###.# .... ##.#.#
.....
#####....###g.....
..........@gg.....
####....###......
##.#†# .....
###.#####.... ###
#......#...
##.####.####.##+#
##............##.###
#........#.........
##....##.#.#..##.##


You could see a gnoll sergeant and 2 gnolls.

Vanquished Creatures
  A water moccasin (D:5)
  An ogre (D:4)
  A bullfrog (D:4)
  A scorpion (D:5)
  A howler monkey (D:5)
  A jelly (D:2)
  A centaur skeleton (D:5)
  A bullfrog skeleton (D:5)
  4 orc wizards
  2 iguanas (D:5)
  2 hound skeletons
  A hound zombie (D:3)
  8 adders
  4 gnolls
  An ufetubus (D:3)
  A dart slug (D:4)
  18 orcs
  6 endoplasms
  12 giant cockroaches
  8 goblins
  9 hobgoblins
  6 quokkas
  6 ball pythons
  9 bats
  3 frilled lizards
  7 kobolds
  3 rats
118 creatures vanquished.

Vanquished Creatures (others)
  A human (D:3)
  A plant (D:2)
2 creatures vanquished.

Grand Total: 120 creatures vanquished

Notes
Turn   | Place    | Note
-------+----------+-------------------------------------------
     0 | D:1      | Morg0th the Troll Berserker began the quest for the Orb.
     0 | D:1      | Reached XP level 1. HP: 22/22 MP: 0/0
   121 | D:1      | Reached XP level 2. HP: 23/29 MP: 1/1
   554 | D:3      | Reached XP level 3. HP: 36/36 MP: 2/2
   757 | D:2      | Reached ** piety under Trog
  1275 | D:2      | Reached skill level 3 in Fighting
  1275 | D:2      | Reached skill level 3 in Dodging
  1275 | D:2      | Reached skill level 4 in Unarmed Combat
  1275 | D:2      | Reached XP level 4. HP: 14/45 MP: 3/3
  1538 | D:3      | Reached XP level 5. HP: 37/53 MP: 4/4
  1615 | D:3      | Reached skill level 5 in Unarmed Combat
  1853 | D:3      | Found an ancient bone altar of Kikubaaqudgha.
  1853 | D:3      | Noticed a human
  1856 | D:3      | Killed a human
  1926 | D:5      | Entered Level 5 of the Dungeon
  1926 | D:5      | Noticed a black bear
  1944 | D:4      | Reached XP level 6. HP: 56/61 MP: 5/5
  2214 | D:3      | Reached skill level 6 in Unarmed Combat
  2420 | D:4      | Reached *** piety under Trog
  2696 | D:4      | Reached XP level 7. HP: 67/67 MP: 6/6
  2859 | D:4      | Found a staircase to the Ecumenical Temple.
  2868 | Temple   | Entered the Ecumenical Temple
  3368 | D:5      | Reached skill level 7 in Unarmed Combat
  3693 | D:5      | Reached skill level 8 in Unarmed Combat
  3694 | D:5      | HP: 1/102 [gnoll sergeant/+4 trident of venom (12)]
  3695 | D:5      | Succumbed to a gnoll sergeant's poison

Illustrated notes

Levels and vault maps discovered:
D:1:      dpeg_arrival_tiny_h, layout_rooms
D:2:      minmay_roachtagon, layout_loops_ring, serial_forest,
          infiniplex_forest_lined_room_2, infiniplex_forest_corner_1,
          infiniplex_forest_straight_2, infiniplex_forest_clump_double
D:3:      minmay_chambers_of_threes, layout_rooms, tgw_kikubaaqudgha,
          minivault_25, minmay_distorted
D:4:      layout_cave_pools, minmay_temple_entry_sparse_star,
          minmay_misc_feat_rugged, chequers_mini_garden
D:5:      layout_loops_corners
D:6:      layout_basic, serial_shops, shop
Temple:   mainiacjoe_temple_archimedes_tessellation

Skill      XL: |  1  2  3  4  5  6  7 |
---------------+----------------------+-----
Fighting       | 3 |  3.9
Dodging        | 3 |  3.3
Unarmed Combat | 4 5 6 8 |  8.0
Stealth        | |  0.1

Action                   |  1- 3 |  4- 6 |  7- 9 || total
-------------------------+-------+-------+-------++-------
Melee: Unarmed           |   105 |   188 |    61 ||   354
       Punch             |       |     3 |     1 ||     4
Throw: Dart              |       |       |     2 ||     2
Invok: Berserk           |     1 |     1 |     1 ||     3
       Trog's Hand       |       |       |     1 ||     1
  Use: Scroll            |       |     6 |       ||     6
       Potion            |       |     2 |       ||     2
Armor: Animal skin       |    35 |    71 |    21 ||   127
Dodge: Dodged            |    70 |   108 |    22 ||   200
